 Dungeon Crawl Stone Soup version 0.29.1-13-g9f3cf754e1 (webtiles) character file.

Game seed: 6492441342687398612

34 theswoord the Slasher (level 3, 27/27 HPs)
             Began as a Demonspawn Gladiator on Jan 17, 2023.
             Got out of the dungeon alive.
             The game lasted 00:10:33 (990 turns).

theswoord the Slasher (Demonspawn Gladiator)         Turns: 990, Time: 00:10:33

Health: 27/27      AC:  4    Str: 16    XL:     3   Next: 14%
Magic:  3/3        EV: 12    Int:  9    God:
Gold:   95         SH:  0    Dex: 14    Spells: 2/2 levels left

rFire   . . .      SeeInvis .   a - +0 long sword
rCold   . . .      Faith    .   (no shield)
rNeg    . . .      Spirit   .   b - +0 leather armour
rPois   .          Reflect  .   c - +0 helmet
rElec   .          Harm     .   (no cloak)
rCorr   .          Rampage  .   (no gloves)
Will    .....                   (no boots)
Stlth   +.........              (no amulet)
HPRegen 0.09/turn               (no ring)
MPRegen 0.08/turn               (no ring)

@: no status effects
A: ignite blood 1, demonic touch 1
a: no special abilities


You escaped.
You visited 1 branch of the dungeon, and saw 1 of its levels.

You collected 95 gold pieces.

Inventory:

Hand Weapons
 a - a +0 long sword (weapon)
Missiles
 d - 3 throwing nets (quivered)
 e - a javelin
Armour
 b - a +0 leather armour (worn)
 c - a +0 helmet (worn)
 h - a +2 pair of gloves
Scrolls
 i - 2 scrolls of blinking {unknown}
 j - 2 scrolls of immolation {unknown}
 k - a scroll of noise {unknown}
Potions
 f - 4 potions of curing {unknown}
 g - a potion of berserk rage {unknown}


   Skills:
 - Level 2.0 Fighting
 + Level 3.9 Long Blades
 - Level 1.7 Throwing
 - Level 2.6 Dodging


You had 2 spell levels left.
You didn't know any spells.
Your spell library contained the following spells:

 Spells                   Type           Power      Damage    Failure   Level
 Foxfire                  Conj/Fire      0%         2x1d4     45%         1


Dungeon Overview and Level Annotations

Branches:
Dungeon (1/15)

Altars:

Shops:
D:1 (


Innate Abilities, Weirdness & Mutations

Your demonic aura sometimes causes spilled blood to erupt in flames.
Your touch may inflict minor irresistible damage on your foes.


Message History

Done exploring.
Unknown command.
There is a stone staircase leading down here.
You see here a ball python skeleton.
Options error: Cannot find file "HDamage.rc". (~/.crawlrc:20) Options error: Cannot find file "HDAColors.rc". (~/.crawlrc:21) Options error: Bad object type '%' for autopickup. (~/.crawlrc:189) Welcome back, theswoord the Demonspawn Gladiator.
Press ? for a list of commands and other information.
Options error: Cannot find file "HDamage.rc". (~/.crawlrc:20) Options error: Cannot find file "HDAColors.rc". (~/.crawlrc:21) Options error: Bad object type '%' for autopickup. (~/.crawlrc:189) Welcome back, theswoord the Demonspawn Gladiator.
Press ? for a list of commands and other information.
Options error: Cannot find file "HDamage.rc". (~/.crawlrc:20) Options error: Cannot find file "HDAColors.rc". (~/.crawlrc:21) Options error: Bad object type '%' for autopickup. (~/.crawlrc:189) Welcome back, theswoord the Demonspawn Gladiator.
Press ? for a list of commands and other information.
Options error: Cannot find file "HDamage.rc". (~/.crawlrc:20) Options error: Cannot find file "HDAColors.rc". (~/.crawlrc:21) Options error: Bad object type '%' for autopickup. (~/.crawlrc:189) Welcome back, theswoord the Demonspawn Gladiator.
Press ? for a list of commands and other information.
There's something in the way.
Search for what [? for help]? door Can't find anything matching that.
(D) Dungeon
Where to? (? - help)
Okay, then.
Saving game... please wait.
Options error: Cannot find file "HDamage.rc". (~/.crawlrc:20) Options error: Cannot find file "HDAColors.rc". (~/.crawlrc:21) Options error: Bad object type '%' for autopickup. (~/.crawlrc:189) Welcome back, theswoord the Demonspawn Gladiator.
Press ? for a list of commands and other information.
You see here 6 poisoned darts.
There is a staircase leading out of the dungeon here.
Are you sure you want to leave the Dungeon?
This will make you lose the game!
You have escaped!

###.# #....#..# #...#
#........ #.### ####.#..#
#.# #...## #.#### ######
###### ######
#....####....####....##
#..
#.....##......##......#
#.#
####..##(.##..##..##..#
#.# #..##..#.@..#..##..#
##(# #..##..#....#..##..#
#..#
#..##..##..##..##..####.##
#......##......##.......#
##....####....####....###
###### ###### ######


There were no monsters in sight!

Vanquished Creatures
  2 dart slugs (D:1)
  2 endoplasms (D:1)
  5 goblins (D:1)
  4 hobgoblins (D:1)
  2 kobolds (D:1)
  2 quokkas (D:1)
  3 ball pythons (D:1)
  3 bats (D:1)
  2 frilled lizards (D:1)
  3 rats (D:1)
28 creatures vanquished.

Notes
Turn   | Place    | Note
-------+----------+-------------------------------------------
     0 | D:1      | theswoord the Demonspawn Gladiator began the quest for the
                  | Orb.
     0 | D:1      | Reached XP level 1. HP: 16/16 MP: 1/1
   103 | D:1      | Reached skill level 3 in Long Blades
   149 | D:1      | Found a faded altar of an unknown god.
   156 | D:1      | Got Plato's Secrets of Traumaturgy
   171 | D:1      | Gained mutation: Your demonic aura sometimes causes spilled
                  | blood to erupt in flames. [demonic ancestry]
   171 | D:1      | Reached XP level 2. HP: 17/22 MP: 2/2
   287 | D:1      | Found Weahuic's Weapon Shoppe.
   408 | D:1      | Discovered your monstrous ancestry.
   408 | D:1      | Gained mutation: Your touch may inflict minor irresistible
                  | damage on your foes. [demonic ancestry]
   408 | D:1      | Reached XP level 3. HP: 23/27 MP: 3/3
   944 | D:1      | Upgraded the game from 0.29.1-12-g30fa7ad0bf to
                  | 0.29.1-13-g9f3cf754e1
   990 | D:$      | Got out of the dungeon alive.

Skill      XL: |  1 |
---------------+----+-----
Long Blades    | 3 |  3.9
Fighting       | |  2.0
Throwing       | |  1.7
Dodging        | |  2.6

Action                   || total
-------------------------++-------
Melee: Long sword        ||    84
       Punch             ||     1
       Touch             ||     3
Armor: Leather armour    ||    28
Dodge: Dodged            ||    77

Levels and vault maps discovered:
D:1:      minmay_arrival_wavy_path, layout_basic, serial_shops, shop,
          shapermc_ecumenical_altar_rom_forum
